 Dungeon Crawl Stone Soup version 0.18-a0-1300-g6e8322c (webtiles) character file.

9634 Tomstefer the Grappler (level 11, -8/105 HPs)
             Began as a Troll Monk on Feb 11, 2016.
             Was a High Priest of Qazlal.
             Mangled by a hill giant
             ... wielding a +0 giant spiked club
              (31 damage)
             ... on level 10 of the Dungeon.
             The game lasted 00:28:56 (8974 turns).

Tomstefer the Grappler (Troll Monk)                 Turns: 8974, Time: 00:28:56

Health: -8/105     AC: 10    Str: 24    XL:     11   Next: 25%
Magic:  13/13      EV: 15    Int:  6    God:    Qazlal [*****.]
Gold:   260        SH:  6    Dex: 17    Spells: 0 memorised, 10 levels left

rFire  + . .     SeeInvis .       - Unarmed
rCold  + . .     Gourm    +     a - +2 robe {rC+ rF+}
rNeg   . . .     Faith    .     (no shield)
rPois  .         Spirit   .     (helmet restricted)
rElec  .         Dismiss  .     (no cloak)
rCorr  .         Reflect  .     (gloves unavailable)
SustAt .         Harm     .     (boots unavailable)
MR     .....                    (no amulet)
Stlth  +.........               K - +2 ring of evasion
                                E - +3 ring of dexterity

@: protected from physical damage, repel missiles, not resistant to hostile
enchantments, very unstealthy
A: unfitting armour, claws 3, fast metabolism 3, gourmand, regeneration 2,
shaggy fur 1, strong 1, tough skin 2
a: Upheaval, Elemental Force, Disaster Area, Renounce Religion


You were on level 10 of the Dungeon.
You worshipped Qazlal.
Qazlal was extremely pleased with you.
You were very full.

You visited 2 branches of the dungeon, and saw 11 of its levels.

You collected 437 gold pieces.
You spent 177 gold pieces at shops.

Inventory:

Armour
 a - a +2 robe of resistance (worn)
 s - a +2 robe of positive energy
 t - a +0 pair of gloves
 M - a +0 robe of cold resistance
Jewellery
 E - a +3 ring of dexterity (left claw)
 K - a +2 ring of evasion (right claw)
Wands
 w - a wand of lightning (12/15)
 y - a wand of acid (5/15)
 D - a wand of flame (15/48)
Scrolls
 d - 2 scrolls of noise
 e - 6 scrolls of teleportation
 i - 2 scrolls of recharging
 l - a scroll of acquirement {unknown}
 o - a scroll of amnesia {unknown}
 q - a scroll of blinking {unknown}
 u - a scroll of fog {unknown}
 H - a scroll of enchant weapon {unknown}
 L - a scroll of summoning {unknown}
Potions
 c - a potion of degeneration {unknown}
 f - 5 potions of curing
 h - 2 potions of brilliance {unknown}
 k - 2 potions of haste
 m - a potion of lignification {unknown}
 p - 3 potions of might
 r - 4 potions of agility
 x - 3 potions of heal wounds
 z - 2 potions of cancellation {unknown}
 C - a potion of mutation {unknown}
Comestibles
 b - 9 bread rations
 g - 8 beef jerkies
 j - 18 chunks of flesh
 n - 4 meat rations
 A - a slice of pizza
 G - 3 fruits


   Skills:
 - Level 5.8 Fighting
 - Level 5.6 Dodging
 - Level 1.1 Stealth
 * Level 14.2 Unarmed Combat
 + Level 4.9 Invocations
 - Level 1.0 Evocations


You had 10 spell levels left.
You didn't know any spells.

Dungeon Overview and Level Annotations

Branches:
Dungeon (10/15)            Temple (1/1) D:4
   Lair: D:8-11         Orc: D:9-12

Altars:
Ashenzari
Cheibriados
Dithmenos
Fedhas
Gozag
Nemelex Xobeh
Qazlal
Trog
Xom
Yredelemnul
The Shining One

Shops:
D:6 *   D:8 *

Annotations:
D:10 Snorg


Innate Abilities, Weirdness & Mutations

You are too large for most types of armour.
You have claws for hands.
Your metabolism is lightning-fast.
You like to eat raw meat.
You heal very quickly.
You are covered in fur (AC +1).
You have very tough skin (AC +2).
Your muscles are strong. (Str +2)


Message History

You feel yourself speed up. The wasp stings you but does no damage.
The wasp closely misses you.
You barely miss the wasp.
The wasp is severely wounded.
You barely miss the hill giant. You mangle the hill giant!!
The hill giant is moderately wounded.
You claw the hill giant!
The hill giant is heavily wounded.
The hill giant hits you with a giant spiked club!
* * * LOW HITPOINT WARNING * * *
You scratch the hill giant.
The hill giant is heavily wounded.
The hill giant hits you but does no damage.
You claw the hill giant!
The hill giant is almost dead.
You claw the hill giant!
The hill giant is almost dead.
The hill giant hits you with a giant spiked club!!
You die...

### #.### ##.#
######### ##..#
#........ ##..##
#........ #..##
#....... #%## #.....
#.# #§..#
#######)########...#
.......@).))))))(..#
#######C########(..#
#y# #§..# .T# #...#
. #.## #.))###'# #.
###.)[... #' #######
..


You could see Snorg, a hill giant and a wasp.

Vanquished Creatures
  A hydra (D:10)
  Erica (D:9)
  The ghost of namelastname112 the Skirmisher, a novice DrSu of Sif Muna (D:6)
  Psyche (D:10)
  3 trolls
  Grinder (D:6)
  Prince Ribbit (D:6)
  2 wyverns (D:9)
  Eustachio (D:5)
  A steam dragon (D:8)
  3 ice beasts
  5 orc warriors
  5 phantoms
  A sky beast (D:5)
  A wasp (D:7)
  12 ogres
  3 centaurs
  2 necrophages
  3 big kobolds
  3 giant frogs
  4 gnoll sergeants
  3 scorpions (D:5)
  7 wights
  4 crimson imps
  A giant frog zombie (D:10)
  2 jellies (D:8)
  A quasit (D:9)
  4 hounds
  4 gnoll shamans (D:6)
  2 centaur skeletons
  6 orc priests
  2 giant frog skeletons
  Natasha (D:2)
  An iguana (D:4)
  8 orc wizards
  9 worker ants
  Terence (D:2)
  50 gnolls
  11 adders
  2 shadow imps
  2 oozes
  An adder skeleton (D:5)
  An adder zombie (D:5)
  3 worms
  5 giant geckos
  47 orcs
  3 giant cockroaches
  10 hobgoblins
  20 jackals
  16 kobolds
  5 quokkas
  5 bats
  2 giant gecko skeletons
  A giant gecko zombie (D:5)
  9 giant newts
  5 goblins
  2 quokka skeletons
  A quokka zombie (D:7)
  9 rats
  A plant (D:6)
322 creatures vanquished.

Notes
Turn   | Place    | Note
--------------------------------------------------------------
     0 | D:1      | Tomstefer the Troll Monk began the quest for the Orb.
     0 | D:1      | Reached XP level 1. HP: 22/22 MP: 0/0
    36 | D:1      | Reached XP level 2. HP: 27/29 MP: 1/1
   910 | D:2      | Reached skill level 5 in Unarmed Combat
   910 | D:2      | Reached XP level 3. HP: 32/36 MP: 2/2
  1035 | D:2      | Noticed Natasha
  1044 | D:2      | Killed Natasha
  1139 | D:2      | Reached XP level 4. HP: 40/44 MP: 3/3
  1236 | D:2      | Found a bloodstained altar of Trog.
  1277 | D:3      | Noticed Terence
  1297 | D:2      | Killed Terence
  1297 | D:2      | Reached skill level 6 in Unarmed Combat
  1588 | D:3      | Reached XP level 5. HP: 37/50 MP: 4/4
  1649 | D:3      | Found a shattered altar of Ashenzari.
  1751 | D:3      | Reached skill level 7 in Unarmed Combat
  1905 | D:3      | Reached XP level 6. HP: 59/59 MP: 5/5
  2343 | D:4      | Found a staircase to the Ecumenical Temple.
  2382 | D:4      | Reached skill level 8 in Unarmed Combat
  2413 | Temple   | Entered the Ecumenical Temple
  2512 | Temple   | Became a worshipper of Qazlal Stormbringer
  2512 | Temple   | Reached * piety under Qazlal
  2512 | Temple   | Reached ** piety under Qazlal
  2814 | D:4      | Found a sparkling altar of Nemelex Xobeh.
  3029 | D:4      | Reached XP level 7. HP: 51/66 MP: 6/6
  3131 | D:5      | Entered Level 5 of the Dungeon
  3576 | D:5      | Reached skill level 9 in Unarmed Combat
  3733 | D:5      | Noticed Eustachio
  3804 | D:5      | Killed Eustachio
  3804 | D:5      | Reached XP level 8. HP: 72/75 MP: 7/7
  3877 | D:5      | Reached *** piety under Qazlal
  3981 | D:5      | Found a blossoming altar of Fedhas.
  4090 | D:5      | Reached skill level 10 in Unarmed Combat
  4198 | D:5      | Found a snail-covered altar of Cheibriados.
  4398 | D:6      | Noticed namelastname112's ghost (novice DrSu)
  4435 | D:6      | Killed namelastname112's ghost
  4455 | D:6      | Reached XP level 9. HP: 15/85 MP: 8/8
  4745 | D:6      | Reached skill level 11 in Unarmed Combat
  4755 | D:6      | Noticed Grinder
  4765 | D:6      | Reached **** piety under Qazlal
  4774 | D:6      | Paralysed by Grinder for 6 turns
  4784 | D:6      | Killed Grinder
  4999 | D:6      | Reached skill level 5 in Fighting
  5140 | D:6      | Reached skill level 5 in Dodging
  5274 | D:6      | Noticed Prince Ribbit
  5275 | D:6      | Found Geufeubu's General Store.
  5281 | D:6      | Killed Prince Ribbit
  5292 | D:6      | Bought a cursed +3 ring of dexterity for 177 gold pieces
  5443 | D:6      | Found a glowing golden altar of the Shining One.
  5510 | D:6      | Found a shadowy altar of Dithmenos.
  6109 | D:7      | Reached ***** piety under Qazlal
  6310 | D:7      | Reached XP level 10. HP: 92/98 MP: 9/9
  6554 | D:7      | Reached skill level 12 in Unarmed Combat
  6914 | D:8      | Reached skill level 1 in Evocations
  6982 | D:8      | Reached skill level 1 in Invocations
  7380 | D:8      | Found Tullef's Assorted Antiques.
  7852 | D:9      | Noticed Erica
  7871 | D:9      | Killed Erica
  7871 | D:9      | Reached skill level 13 in Unarmed Combat
  8519 | D:10     | Entered Level 10 of the Dungeon
  8550 | D:10     | Noticed Psyche
  8566 | D:10     | Killed Psyche
  8592 | D:10     | Gained mutation: Your muscles are strong. (Str +2) [potion of beneficial mutation]
  8632 | D:10     | Noticed an eight-headed hydra
  8647 | D:10     | Killed a ten-headed hydra
  8647 | D:10     | Reached XP level 11. HP: 46/105 MP: 11/13
  8858 | D:10     | Reached skill level 14 in Unarmed Combat
  8961 | D:10     | Paralysed by a wasp for 3 turns
  8965 | D:10     | Noticed a hill giant
  8966 | D:10     | Noticed Snorg
  8974 | D:10     | Mangled by a hill giant

Vault maps used:
D:1:      scummos_arrival_checkerplants
D:2:      lemuel_coloured_pillars_altar, uniq_natasha
D:3:      evilmike_ruin_ashenzari, uniq_terence
D:4:      nemelex_xobeh_ov_fountains_minmay, minmay_temple_entry_statues
D:5:      cheibrodos_worm_habitat, first_bread, fedhas_altar_1, uniq_eustachio
D:6:      lemuel_castle_with_subvaults, tso_oasis_becter, marbit_many_paths,
          serial_shops, shop, minivault_1, uniq_prince_ribbit1, uniq_grinder
D:8:      serial_shops, shop_statue
D:9:      grunt_ogre_cave, uniq_erica
D:10:     kennysheep_orc_monster_closet_entryway, uniq_snorg, uniq_psyche
Temple:   minmay_temple_curvy_14

Action                   |  1- 3 |  4- 6 |  7- 9 | 10-12 || total
-------------------------+-------+-------+-------+-------++-------
Melee: Unarmed           |    99 |   132 |   408 |   267 ||   906
Invok: Disaster Area     |       |       |       |     1 ||     1
  Use: Scroll            |       |       |     8 |     9 ||    17
       Potion            |       |       |       |     1 ||     1
 Stab: Sleeping          |       |     1 |       |       ||     1
  Eat: Chunk             |    16 |    17 |    31 |    22 ||    86
